 Dungeon Crawl Stone Soup version 0.20.1-1-g8b1a95d (webtiles) character file.

1761 fortego the Protected (level 8, -2/70 HPs)
             Began as a Minotaur Abyssal Knight on Sept 17, 2017.
             Was a Priest of Lugonu.
             Slain by an orc priest
             ... wielding a +0 mace
              (6 damage)
             ... on level 10 of the Dungeon.
             The game lasted 00:58:11 (6815 turns).

fortego the Protected (Minotaur Abyssal Knight)     Turns: 6815, Time: 00:58:12

Health: -2/70      AC: 12    Str: 19    XL:     8   Next: 79%
Magic:  9/10       EV: 11    Int: 14    God:    Lugonu [***...]
Gold:   396        SH:  0    Dex: 10    Spells: 7/7 levels left

rFire    . . .     SeeInvis .   v - +2 whip (freeze)
rCold    . . .     Gourm    .   (no shield)
rNeg     . . .     Faith    .   s - +3 scale mail
rPois    .         Spirit   .   (helmet restricted)
rElec    .         Reflect  .   (no cloak)
rCorr    .         Harm     .   (no gloves)
MR       +....     Clarity  +   a - +0 pair of boots
Stlth    ..........             (no amulet)
Regen    0.3/turn               (no ring)
MPRegen  0.2/turn               (no ring)

@: brilliant
A: retaliatory headbutt, hooves 1, horns 2, clarity, magic resistance 1
a: Depart the Abyss, Bend Space, Banish, Renounce Religion


You were on level 10 of the Dungeon.
You worshipped Lugonu.
Lugonu was most pleased with you.
You were not hungry.

You visited 1 branch of the dungeon, and saw 8 of its levels.
You visited the Abyss 1 time.

You collected 396 gold pieces.

Inventory:

Hand Weapons
 l - a +1 mace of holy wrath
 m - a +0 dagger of draining
 v - a +2 whip of freezing (weapon)
Armour
 a - a +0 pair of boots (worn)
 s - a +3 scale mail (worn)
Wands
 r - a wand of confusion (17/48)
Scrolls
 b - 5 scrolls of remove curse {unknown}
 h - a scroll of enchant weapon {unknown}
 i - a scroll of blinking {unknown}
 k - a scroll of random uselessness {unknown}
 o - a scroll of recharging {unknown}
 w - 9 scrolls of identify
 y - a scroll of amnesia {unknown}
 B - a scroll of holy word {unknown}
Potions
 d - 2 potions of magic
 e - 2 potions of flight {unknown}
 g - 2 potions of haste {unknown}
 j - a potion of brilliance
 t - 2 potions of mutation
 u - a potion of berserk rage {unknown}
 z - a potion of might {unknown}
 A - a potion of degeneration {unknown}
Comestibles
 c - 3 bread rations
 f - 3 royal jellies
 n - 2 meat rations
 p - 10 fruits
 q - 11 chunks of flesh


   Skills:
 + Level 6.3 Fighting
 - Level 3.9 Short Blades
 + Level 4.8 Maces & Flails
   Level 3.1 Polearms
 + Level 8.2 Armour
 + Level 4.3 Dodging
 + Level 4.1 Invocations
 + Level 0.3 Evocations


You had 7 spell levels left.
You didn't know any spells.

Dungeon Overview and Level Annotations

Branches:
Dungeon (10/15)            Temple (0/1) D:5
   Lair: D:8-11         Orc: D:9-12

Altars:
Nemelex Xobeh
Qazlal
Xom

Shops:
D:4 (


Innate Abilities, Weirdness & Mutations

You reflexively headbutt those who attack you in melee.
You have a pair of horns on your head.
You have large cloven feet.
You possess an exceptional clarity of mind.
You are resistant to hostile enchantments. (MR+)


Message History

The orc warrior is lightly wounded.
The orc warrior closely misses you. You furiously retaliate!
You headbutt the orc warrior! You closely miss the orc warrior.
The orc warrior is heavily wounded.
The orc priest calls down the wrath of Beogh upon you.
Beogh smites you!
* * * LOW HITPOINT WARNING * * *
It was a potion of brilliance.
You feel clever all of a sudden. The orc warrior closely misses you.
You hit the orc warrior. You freeze the orc warrior.
You headbutt the orc warrior, but do no damage.
The orc warrior is heavily wounded.
The orc warrior hits you with a scimitar!
* * * LOW HITPOINT WARNING * * *
Space bends around you!
You blink.
The orc warrior hits you but does no damage.
The orc priest hits you with a mace.
You die...

#.#....# #.#....##
#.# #.......###
####.# .........
.....# ......#
...|. #....# ...
#....# ###.#.
#.@###########...#.
#.oo§..........####
#.############...#.
#.# ###.#. #.# #...
#.. ##.# ### #.#
..# ####


You could see an orc warrior and an orc priest.

Vanquished Creatures
  A hungry ghost (D:5)
  2 ice beasts
  A phantom (D:5)
  2 ogres (D:5)
  A black bear (D:10)
  A big kobold (D:5)
  3 bullfrogs
  A crimson imp (D:10)
  6 orc wizards
  An orc priest (D:4)
  An iguana (D:10)
  A worker ant (D:5)
  Terence (D:3)
  A howler monkey zombie (D:10)
  8 adders
  A shadow imp (D:5)
  2 oozes (D:4)
  4 worms
  3 dart slugs
  3 leopard geckos
  25 orcs
  3 ball pythons (D:5)
  4 giant cockroaches
  9 goblins
  6 hobgoblins
  18 jackals
  5 quokkas
  5 bats
  5 frilled lizards
  6 kobolds
  A quokka skeleton (D:4)
  7 rats
138 creatures vanquished.

Vanquished Creatures (others)
  The ghost of Allophanate the Ducker, a novice MfIE (D:5)
  A hippogriff (D:10)
  2 ogres
4 creatures vanquished.

Grand Total: 142 creatures vanquished

Notes
Turn   | Place    | Note
-------+----------+-------------------------------------------
     0 | Abyss:1  | fortego the Minotaur Abyssal Knight began the quest for the Orb.
     0 | Abyss:1  | Reached XP level 1. HP: 19/19 MP: 1/1
     2 | D:1      | Escaped the Abyss
   344 | D:1      | Reached XP level 2. HP: 16/27 MP: 2/2
   857 | D:2      | Reached ** piety under Lugonu
   857 | D:2      | Reached XP level 3. HP: 18/33 MP: 3/3
  1303 | D:2      | Reached skill level 3 in Armour
  1311 | D:2      | Reached XP level 4. HP: 38/41 MP: 4/4
  1364 | D:2      | Found a stormy altar of Qazlal.
  1382 | D:2      | Reached skill level 1 in Short Blades
  1665 | D:2      | Found a shimmering altar of Xom.
  1914 | D:3      | Noticed Terence
  1934 | D:3      | Killed Terence
  1998 | D:3      | Reached *** piety under Lugonu
  1998 | D:3      | Reached XP level 5. HP: 43/47 MP: 5/5
  2004 | D:3      | Found a sparkling altar of Nemelex Xobeh.
  2414 | D:4      | Noticed an ogre
  2489 | D:4      | Found Epreaz's Antique Weapon Shoppe.
  2536 | D:4      | Reached skill level 5 in Fighting
  3312 | D:4      | Banished an ogre
  3312 | D:4      | Reached XP level 6. HP: 56/56 MP: 6/6
  3460 | D:4      | Found a sparkling altar of Nemelex Xobeh.
  3622 | D:4      | Reached skill level 4 in Armour
  4048 | D:5      | Entered Level 5 of the Dungeon
  4107 | D:5      | Found a glowing drain.
  4262 | D:5      | Reached XP level 7. HP: 19/61 MP: 8/8
  4474 | D:5      | Found a staircase to the Ecumenical Temple.
  4504 | D:5      | Reached skill level 1 in Maces & Flails
  4504 | D:5      | Reached skill level 5 in Armour
  4934 | D:5      | Noticed a hungry ghost
  4961 | D:5      | Killed a hungry ghost
  5078 | D:5      | Reached **** piety under Lugonu
  5078 | D:5      | Reached skill level 6 in Armour
  5240 | D:5      | Reached XP level 8. HP: 45/69 MP: 9/9
  5443 | D:5      | Reached skill level 7 in Armour
  5945 | D:5      | Noticed Allophanate's ghost (novice MfIE)
  5945 | D:5      | Banished Allophanate's ghost
  6386 | D:7      | You fall through a shaft for 3 floors!
  6386 | D:10     | Entered Level 10 of the Dungeon
  6424 | D:10     | Gained mutation: You possess an exceptional clarity of mind. [potion of mutation]
  6424 | D:10     | Gained mutation: You are resistant to hostile enchantments. (MR+) [potion of mutation]
  6424 | D:10     | Gained mutation: You have large cloven feet. [potion of mutation]
  6675 | D:10     | Noticed a hippogriff
  6676 | D:10     | Banished a hippogriff
  6676 | D:10     | Reached skill level 8 in Armour
  6815 | D:10     | Slain by an orc priest

Skill      XL: |  1  2  3  4  5  6  7  8 |
---------------+-------------------------+-----
Invocations    | 2 4 |  4.1
Fighting       | 4 5 6 |  6.3
Polearms       | 3 |  3.1
Armour         | 3 4 6 8 |  8.2
Short Blades   | 1 2 3 |  3.9
Dodging        | 2 3 4 |  4.3
Maces & Flails | 3 4 |  4.8
Evocations     | |  0.3

Action                   |  1- 3 |  4- 6 |  7- 9 || total
-------------------------+-------+-------+-------++-------
Melee: Spear             |    24 |       |       ||    24
       Dagger            |    80 |   182 |       ||   262
       Headbutt          |    12 |    47 |    28 ||    87
       Whip              |       |    52 |   151 ||   203
Invok: Bend Space        |       |     4 |     5 ||     9
       Banish            |       |     1 |     3 ||     4
Evoke: Wand              |       |       |     4 ||     4
  Use: Scroll            |     5 |     1 |     3 ||     9
       Potion            |       |     2 |     4 ||     6
  Eat: Chunk             |     1 |     6 |     7 ||    14
       Bread ration      |       |     1 |     1 ||     2
Armor: Leather armour    |    19 |       |       ||    19
       Scale mail        |    12 |   109 |    63 ||   184
Dodge: Dodged            |    69 |   130 |    62 ||   261
